 Dungeon Crawl Stone Soup version 0.29.1-15-g9cfb28693d (webtiles) character file.

Game seed: 11128930782436389889

308 Silvore the Slasher (level 6, 0/53 HPs)
             Began as a Minotaur Fighter on May 2, 2023.
             Slain by an ogre
             ... wielding a +0 giant club
              (18 damage)
             ... on level 5 of the Dungeon.
             The game lasted 00:07:00 (4578 turns).

Silvore the Slasher (Minotaur Fighter)              Turns: 4578, Time: 00:07:01

Health: 0/53       AC:  9    Str: 23    XL:     6   Next: 16%
Magic:  5/5        EV: 13    Int:  5    God:
Gold:   207        SH:  4    Dex:  9    Spells: 5/5 levels left

rFire   . . .      SeeInvis .   a - +0 long sword
rCold   . . .      Faith    .   c - +0 buckler
rNeg    . . .      Spirit   .   b - +0 scale mail
rPois   .          Reflect  .   (helmet restricted)
rElec   .          Harm     .   (no cloak)
rCorr   .          Rampage  .   h - +1 pair of gloves
Will    .....                   (no boots)
Stlth   ..........              (no amulet)
HPRegen 0.17/turn               l - ring of flight
MPRegen 0.09/turn               q - +4 ring of evasion

@: flying
A: horns 2, retaliatory headbutt
a: no special abilities


You were on level 5 of the Dungeon.
You visited 1 branch of the dungeon, and saw 5 of its levels.
You also visited: Ossuary.

You collected 207 gold pieces.

Inventory:

Hand Weapons
 a - a +0 long sword (weapon)
Armour
 b - a +0 scale mail (worn)
 c - a +0 buckler (worn)
 h - a +1 pair of gloves (worn)
Jewellery
 l - a ring of flight (left hand)
 q - a +4 ring of evasion (right hand)
Scrolls
 j - a scroll of silence
 p - a scroll of fear
 s - a scroll of teleportation
 t - 2 scrolls of butterflies
 x - a scroll of identify
Potions
 d - 2 potions of might
 e - 3 potions of resistance
 f - 2 potions of degeneration
 g - a potion of berserk rage {unknown}
 i - 2 potions of flight {unknown}
 k - a potion of haste {unknown}
 m - 2 potions of heal wounds
 n - 2 potions of curing {unknown}
 o - 2 potions of brilliance {unknown}
 r - a potion of ambrosia {unknown}
 u - a potion of attraction {unknown}
 v - a potion of invisibility {unknown}
 w - 2 potions of mutation {unknown}


   Skills:
 + Level 4.6 Fighting
 + Level 5.6 Long Blades
 + Level 4.8 Armour
 + Level 0.9 Dodging
 + Level 4.8 Shields


You had 5 spell levels left.
You didn't know any spells.
Your spell library contained the following spells:

 Spells                   Type           Power      Damage    Failure   Level
 Sting                    Tmut/Pois      0%         1d3       86%         1
 Poisonous Vapours        Pois/Air       0%         N/A       94%         2
 Cause Fear               Hex            0%         N/A       100%        4
 Olgreb's Toxic Radiance  Pois           0%         N/A       100%        4
 Dragon Form              Tmut           0%         N/A       100%        7
 Dragon's Call            Summ           0%         N/A       100%        9


Dungeon Overview and Level Annotations

Branches:
Dungeon (5/15)            Ossuary (visited)
 Temple: D:4-7

Altars:
Ashenzari
Elyvilon
Kikubaaqudgha
Nemelex Xobeh
Trog
Wu Jian
The Shining One

Shops:
D:5 [*


Innate Abilities, Weirdness & Mutations

You have a pair of horns on your head.
You reflexively headbutt those who attack you in melee.


Message History

There is an entrance to Ezav's Lightly-Used Armoury here.
Found a stone staircase leading down.
An ogre comes into view. It is wielding a +0 giant club.
An ogre is nearby!
Found a fuming green potion.
The ogre shouts!
You see here a scroll labelled ILOAHYUXUER.
You hit the ogre but do no damage. You block the ogre's attack.
You hit the ogre.
The ogre is lightly wounded.
The ogre misses you.
You hit the ogre.
The ogre is moderately wounded.
The ogre barely misses you.
You slash the ogre! You headbutt the ogre.
The ogre is severely wounded.
You hit the ogre. Your headbutt misses the ogre.
The ogre is severely wounded.
The ogre hits you with a +0 giant club!
You barely miss the ogre.
The ogre is severely wounded.
The ogre closely misses you.
You hit the ogre. Your headbutt misses the ogre.
The ogre is almost dead.
The ogre closely misses you.
You hit the ogre but do no damage.
The ogre is almost dead.
You hit the ogre.
The ogre is almost dead.
The ogre closely misses you.
You barely miss the ogre. Your headbutt misses the ogre.
The ogre is almost dead.
The ogre closely misses you.
You hit the ogre but do no damage.
The ogre is almost dead.
The ogre hits you with a +0 giant club!!
You barely miss the ogre.
The ogre is almost dead.
The ogre hits you with a +0 giant club!!
You die...

......∩## ........##
.... .........## ....
..^.......# ##...
..........# ###..##
.†.......#####.....##
........####....:...##
.......###...........##
......###....?..@.....#
.....##...##....O.......
#..##...####............
###...### #.............
#...### #.........!...
..### #..##>........ ###
....##......... #
...####........


You could see an ogre.

Vanquished Creatures
  A scorpion (D:5)
  An orc priest (D:3)
  An iguana (D:5)
  An orc wizard (D:3)
  A mummy (Ossuary)
  3 adders
  2 worms
  3 dart slugs (D:1)
  5 orcs
  4 spectral bats (Ossuary)
  5 endoplasms
  2 giant cockroaches
  12 gnoll zombies (Ossuary)
  4 goblins
  4 hobgoblins
  2 jackals (D:3)
  5 quokkas
  8 ball pythons
  4 bats
  7 bat simulacra (Ossuary)
  2 frilled lizards (D:2)
  A goblin simulacrum (Ossuary)
  5 goblin zombies (Ossuary)
  5 hobgoblin zombies (Ossuary)
  10 kobolds
  3 kobold simulacra (Ossuary)
  3 kobold zombies (Ossuary)
  5 orc zombies (Ossuary)
  2 rats (D:2)
  2 rat simulacra (Ossuary)
  5 spectral goblins (Ossuary)
  3 spectral kobolds (Ossuary)
  3 spectral rats (Ossuary)
124 creatures vanquished.

Notes
Turn   | Place    | Note
-------+----------+-------------------------------------------
     0 | D:1      | Silvore the Minotaur Fighter began the quest for the Orb.
     0 | D:1      | Reached XP level 1. HP: 19/19 MP: 0/0
     1 | D:1      | Noticed an electric eel
   343 | D:1      | Reached XP level 2. HP: 22/27 MP: 1/1
   461 | D:1      | Found a faded altar of an unknown god.
   634 | D:1      | Reached skill level 3 in Long Blades
   943 | D:2      | Reached XP level 3. HP: 33/33 MP: 2/2
  2063 | D:3      | Reached XP level 4. HP: 40/40 MP: 3/3
  2594 | D:3      | Reached skill level 4 in Long Blades
  2833 | D:4      | Reached XP level 5. HP: 47/47 MP: 4/4
  3051 | D:4      | Found an ornate altar of the Wu Jian Council.
  3051 | D:4      | Found a bloodstained altar of Trog.
  3057 | D:4      | Found a sparkling altar of Nemelex Xobeh.
  3068 | D:4      | Found an ancient bone altar of Kikubaaqudgha.
  3072 | D:4      | Found a broken altar of Ashenzari.
  3076 | D:4      | Found a glowing golden altar of the Shining One.
  3105 | D:4      | Found a white marble altar of Elyvilon.
  3448 | D:4      | Identified the +3 robe of Altruism {rElec rC+}
  3731 | D:5      | Entered Level 5 of the Dungeon
  3769 | D:5      | Found a sand-covered staircase.
  3776 | Ossuary  | Entered an ossuary
  4380 | D:5      | Found Mucvy's Armour Shop.
  4408 | D:5      | Reached skill level 5 in Long Blades
  4513 | D:5      | Reached XP level 6. HP: 53/53 MP: 5/5
  4531 | D:5      | Found Ezav's Lightly-Used Armoury.
  4578 | D:5      | Slain by an ogre

Illustrated notes

Levels and vault maps discovered:
D:1:      arrival_aquarium_a, layout_basic, hellmonk_ecumenical_altar_run_dry
D:2:      layout_loops_cross
D:3:      layout_basic
D:4:      layout_loops_ring, elyvilon_altar_1,
          nicolae_overflow_hallway_of_the_gods
D:5:      layout_cave_pods, chequers_ossuary_entry_cave, serial_shops,
          shop_statue, minmay_shop_damaged, uniq_menkaure

Skill      XL: |  1  2  3  4  5 |
---------------+----------------+-----
Fighting       | 4 |  4.6
Armour         | 4 |  4.8
Long Blades    | 3 4 5 |  5.6
Shields        | 4 |  4.8
Dodging        | |  0.9

Action                   |  1- 3 |  4- 6 || total
-------------------------+-------+-------++-------
Melee: Long sword        |   119 |   203 ||   322
       Headbutt          |     9 |    38 ||    47
  Use: Scroll            |     7 |     3 ||    10
Armor: Scale mail        |    63 |    86 ||   149
Dodge: Dodged            |    85 |   128 ||   213
Block: Buckler           |    19 |    31 ||    50
